 Dungeon Crawl Stone Soup version 0.21.1-1-g345015fe64 (webtiles) character file.

42 Gargoyl the Skirmisher (level 3, -2/31 HPs)
             Began as a Centaur Abyssal Knight on June 13, 2018.
             Was a Follower of Lugonu.
             Slain by a sky beast (6 damage)
             ... on level 2 of the Dungeon.
             The game lasted 00:02:53 (1518 turns).

Gargoyl the Skirmisher (Centaur Abyssal Knight)     Turns: 1518, Time: 00:02:53

Health: -2/31      AC: 13    Str: 14    XL:     3   Next: 35%
Magic:  4/4        EV:  2    Int: 11    God:    Lugonu [*.....]
Gold:   70         SH:  0    Dex:  9    Spells: 2/2 levels left

rFire    . . .     SeeInvis .   a - +2 hand axe
rCold    . . .     Gourm    .   (no shield)
rNeg     . . .     Faith    .   j - +1 chain mail
rPois    +         Spirit   .   (no helmet)
rElec    .         Reflect  .   (no cloak)
rCorr    .         Harm     .   (no gloves)
MR       .....                  i - +0 centaur barding (curse)
Stlth    ..........             (no amulet)
HPRegen  0.10/turn              f - ring of poison resistance
MPRegen  0.09/turn              (no ring)

@: very quick
A: large, hooves 3, deformed body, speed 2, tough skin 3
a: Depart the Abyss, Renounce Religion


You were on level 2 of the Dungeon.
You worshipped Lugonu.
Lugonu was aware of your devotion.
You were not hungry.

You visited 1 branch of the dungeon, and saw 2 of its levels.
You visited the Abyss 1 time.

You collected 70 gold pieces.

Inventory:

Hand Weapons
 a - a +2 hand axe (weapon)
 b - a +0 war axe of freezing
Armour
 i - a cursed +0 centaur barding (worn)
 j - a +1 chain mail (worn)
Jewellery
 f - a ring of poison resistance (left hand)
Potions
 d - a potion of flight {unknown}
 e - a potion of lignification {unknown}
 g - a potion of brilliance {unknown}
 h - a potion of heal wounds
Comestibles
 c - 5 rations


   Skills:
 + Level 3.5 Fighting
 + Level 2.2 Axes
 * Level 1.8 Armour
 + Level 1.0 Dodging
 * Level 2.2 Invocations


You had 2 spell levels left.
You didn't know any spells.

Dungeon Overview and Level Annotations

Branches:
Dungeon (2/15)

Altars:


Innate Abilities, Weirdness & Mutations

You have hooves in place of feet.
Armour fits poorly on your strangely shaped body.
You cover ground very quickly.
You have extremely tough skin. (AC +3)


Message History

You barely miss the sky beast. Your kick misses the sky beast.
The sky beast is heavily wounded.
The sky beast flickers out of sight!
Deactivating autopickup; reactivate with Ctrl-A.
Something hits you. Something shocks you.
A sky beast appears from thin air!
Reactivating autopickup.
The sky beast hits you but does no damage.
You barely miss the sky beast. Your kick misses the sky beast.
The sky beast is heavily wounded.
The sky beast hits you. The sky beast shocks you.
* * * LOW HITPOINT WARNING * * *
You hit the sky beast but do no damage.
The sky beast is heavily wounded.
The sky beast hits you but does no damage.
You hit the sky beast.
The sky beast is severely wounded.
The sky beast hits you.
* * * LOW HITPOINT WARNING * * *
The sky beast shocks you.
You die...

#.#.# #.# #.#
#.#.# ######
#.. #.# #.###
....#
####.###.# #.#
....#
#..[..##.##
#.# ...
+....[.....
#)# ...
#...#.##.##
#.# #[# #.
#^.#.# ###§#
#Y# ##.#.#
.§§§# #@#
#.#.# .§§§#
#.# #...#
.§.§# #.#
##..# ....#
#.######
##.>## ...##
#......#
#..... ...#
######.#
#..... ####
#.# #.....
##.########'##
#.......# #.##


You could see a sky beast.

Vanquished Creatures
  An ooze (D:1)
  2 dart slugs (D:1)
  2 giant cockroaches
  3 hobgoblins
  3 jackals (D:2)
  7 bats
  2 frilled lizards (D:1)
  3 goblins
  A jackal skeleton (D:2)
  6 kobolds
  2 rats (D:1)
32 creatures vanquished.

Notes
Turn   | Place    | Note
-------+----------+-------------------------------------------
     0 | Abyss:1  | Gargoyl the Centaur Abyssal Knight began the quest for the Orb.
     0 | Abyss:1  | Reached XP level 1. HP: 19/19 MP: 2/2
    35 | Abyss:1  | Noticed a starcursed mass
    90 | Abyss:2  | Noticed a starcursed mass
   129 | Abyss:2  | Noticed an orange demon
   148 | D:1      | Escaped the Abyss
   318 | D:1      | Reached XP level 2. HP: 24/26 MP: 3/3
   333 | D:1      | Reached * piety under Lugonu
  1013 | D:2      | Reached XP level 3. HP: 31/31 MP: 4/4
  1052 | D:2      | Reached skill level 1 in Dodging
  1496 | D:2      | Noticed a sky beast
  1518 | D:2      | Slain by a sky beast

Skill      XL: |  1  2  3 |
---------------+----------+-----
Axes           | 2 |  2.2
Dodging        | 1 |  1.0
Fighting       | |  3.5
Armour         | |  1.8
Invocations    | |  2.2

Action                   || total
-------------------------++-------
Melee: Hand axe          ||    86
       Kick              ||     9
Invok: Depart the Abyss  ||     1
  Use: Scroll            ||     5
       Potion            ||     1
  Eat: Ration            ||     1
Armor: Leather armour    ||    41
       Chain mail        ||    35
Dodge: Dodged            ||    73
